 Dungeon Crawl Stone Soup version 0.29-a0-994-gc5c9f59d18 (webtiles) character file.

Game seed: 2982458141572572033

14903 Atlas the Arsonist (level 12, -8/72 HPs)
             Began as an Octopode Fire Elementalist on Aug 4, 2022.
             Was an Initiate of Gozag.
             Killed from afar by Azrael (30 damage)
             ... with damnation
             ... on level 13 of the Dungeon.
             The game lasted 00:25:14 (18434 turns).

Atlas the Arsonist (Octopode Fire Elementalist)    Turns: 18434, Time: 00:25:16

Health: -8/72      AC:  1    Str: 15    XL:     12   Next: 21%
Magic:  26/26      EV: 19    Int: 21    God:    Gozag
Gold:   747        SH:  0    Dex: 16    Spells: 25/32 levels left

rFire   + . .      SeeInvis .   J - +5 halberd of Checkmate {venom, *Noise rElec rN+++ Dex+4}
rCold   x . .      Faith    .   (shield currently unavailable)
rNeg    + + +      Spirit   .   (helmet restricted)
rPois   +          Reflect  .   (no amulet)
rElec   +          Harm     .   b - ring of positive energy
rCorr   +          Rampage  .   i - ring of fire
Will    .....                   j - +6 ring of strength
Stlth   ++++......              u - ring of poison resistance
HPRegen 0.22/turn               y - ring of resist corrosion
MPRegen 0.20/turn               G - ring of wizardry
                                K - +4 ring of evasion
                                (no ring)

@: about to teleport
A: almost no armour, amphibious, 8 rings, camouflage 1, gelatinous body 1,
(nimble swimmer 1), tentacles
a: Renounce Religion, Potion Petition, Call Merchant, Bribe Branch


You were on level 13 of the Dungeon.
You worshipped Gozag.
Gozag was pleased with you.
You visited 2 branches of the dungeon, and saw 14 of its levels.
You also visited: Sewer and Bailey.

You collected 2514 gold pieces.
You spent 188 gold pieces at shops.
You paid 1579 gold pieces to Gozag.

Inventory:

Hand Weapons
 n - a +1 falchion of protection
 t - a +2 whip of electrocution
 J - the +5 halberd of Checkmate (weapon) {venom, *Noise rElec rN+++ Dex+4}
   (You found it on level 11 of the Dungeon)

   It poisons the flesh of those it strikes.
   Dex:       It affects your dexterity (+4).
   rElec:     It insulates you from electricity.
   rN:        It renders you almost immune to negative energy.
   *Noise:    It may make noises in combat.
Armour
 d - a +0 kite shield of reflection
Jewellery
 b - a ring of positive energy (left tentacle)
 i - a ring of fire (right tentacle)
 j - a +6 ring of strength (on tentacle)
 u - a ring of poison resistance (on tentacle)
 y - a ring of resist corrosion (on tentacle)
 G - a ring of wizardry (on tentacle)
 K - a +4 ring of evasion (on tentacle)
Wands
 k - a wand of mindburst (13)
 B - a wand of polymorph (5)
 L - a wand of quicksilver (8)
Scrolls
 c - 5 scrolls of teleportation
 f - 4 scrolls of enchant armour
 h - 3 scrolls of amnesia
 l - 2 scrolls of vulnerability
 q - 4 scrolls of enchant weapon
 s - a scroll of torment
 v - 2 scrolls of magic mapping
 w - a scroll of immolation
 x - a scroll of noise
 D - 2 scrolls of summoning
 E - a scroll of blinking
 M - a scroll of butterflies {unknown}
Potions
 a - 2 potions of magic
 e - 2 potions of lignification
 g - a potion of mutation {unknown}
 m - 5 potions of curing
 o - a potion of might {unknown}
 p - a potion of attraction {unknown}
 r - 2 potions of flight {unknown}
 z - 3 potions of haste
 A - a potion of ambrosia {unknown}
 F - a potion of brilliance {unknown}
 I - 2 potions of degeneration {unknown}
Miscellaneous
 C - a phantom mirror


   Skills:
 + Level 3.3 Fighting
 + Level 4.2 Long Blades
 + Level 2.1 Polearms
 + Level 4.4 Dodging
 + Level 5.9 Stealth
 + Level 0.4 Unarmed Combat
 + Level 10.8 Spellcasting
 + Level 7.4 Conjurations
 + Level 0.2 Summonings
 + Level 11.6 Fire Magic
 + Level 0.2 Ice Magic


You had 25 spell levels left.
You knew the following spells:

 Your Spells              Type           Power      Damage    Failure   Level
a - Scorch                Fire           100%       2d10      1%          2
b - Foxfire               Conj/Fire      100%       2x1d9     1%          1
c - Summon Ice Beast      Ice/Summ       12%        N/A       21%         4

Your spell library contained the following spells:

 Spells                   Type           Power      Damage    Failure   Level
 Conjure Flame            Conj/Fire      67%        6-21      1%          3
 Inner Flame              Hex/Fire       52%        N/A       1%          3
 Flame Wave               Conj/Fire      67%        2d15      1%          4
 Sublimation of Blood     Necr           11%        N/A       3%          2
 Wereblood                Tmut           11%        N/A       3%          2
 Frozen Ramparts          Ice            24%        1d10      7%          3
 Vampiric Draining        Necr           11%        2d6       8%          3
 Ice Form                 Ice/Tmut       11%        N/A       22%         4
 Summon Hydra             Summ           6%         N/A       100%        7
 Infestation              Necr           5%         N/A       100%        8
 Necromutation            Tmut/Necr      5%         N/A       100%        8


Dungeon Overview and Level Annotations

Branches:
Dungeon (13/15)            Temple (1/1) D:7            Lair (0/5) D:9
    Orc (0/2) D:12          Sewer (visited)          Bailey (visited)
 Vaults: D:13-14

Altars:
Ashenzari
Cheibriados
Dithmenos
Fedhas
Gozag
Hepliaklqana
Kikubaaqudgha
Makhleb
Nemelex Xobeh
Okawaru
Qazlal
Ru
Sif Muna
Trog
Uskayaw
Vehumet
Wu Jian
Xom
Yredelemnul
Zin
The Shining One

Shops:
D:1 !   D:9 *   D:12 ?

Annotations:
D:9 2 transporters, Newt's ghost, novice DrAr
D:13 Azrael
Temple 2 transporters


Innate Abilities, Weirdness & Mutations

You cannot wear most types of armour.
You are amphibious.
You can wear up to eight rings at the same time.
Your skin changes colour to match your surroundings (Stealth+).
Your rubbery body absorbs attacks. (AC +1, EV +1)
((You are camouflaged when in or above water. (Stealth+)))
You have tentacles for arms and can constrict up to eight enemies at once.


Message History

The arrow misses you.
The centaur shoots an arrow.
The arrow completely misses you.
The centaur shoots an arrow.
The arrow completely misses you.
The centaur warrior wields a +0 shortbow.
The centaur warrior shoots an arrow.
The arrow hits you!
The centaur shoots an arrow.
The arrow barely misses you.
The centaur shoots an arrow.
The arrow hits you!
The centaur shoots an arrow.
The arrow completely misses you.
The centaur shoots an arrow.
The arrow closely misses you.
The centaur shoots an arrow.
The arrow misses you.
A centaur comes into view.
The centaur shoots an arrow.
The arrow hits you!
There is a stone staircase leading up, spattered with blood here.
Unknown command.
Okay, then.
Unknown command.
Unknown command.
Blink to where?
Press: ? - help, Dir - move target
As you read the scroll of blinking, it crumbles to dust.
The centaur warrior shoots an arrow.
The arrow hits you!
* * * LOW HITPOINT WARNING * * *
The centaur shoots an arrow.
The arrow misses you.
A troll comes into view.
Found a tapered silver wand.
A hell hound comes into view.
As you read the scroll of teleportation, it crumbles to dust.
You feel strangely unstable.
You feel much better.
The centaur warrior shoots an arrow.
The arrow barely misses you.
The centaur warrior shoots an arrow.
The arrow hits you!
You feel better.
You feel better.
The hell hound barks! x2; You hear a bark! x2
The centaur warrior shoots an arrow.
The arrow hits you!
The centaur shoots an arrow.
The arrow completely misses you. Azrael gestures at you.
The sphere of damnation explodes!
The damnation engulfs you!!
You die...
Your body crumbles into a pile of gold.

.......Rh##......
...................$..
.....☼R...........h..
#....○°.....[.....#.§
#......☼..........# . .#
#..........9..##..#
...#....##h..#..<.##....
.........TE○##.§...#....
.......@# ○............
.../.#..# #.............
... #..##............#.
# ##.##............##
#cc......#.......#
#........##.......
#........# .
.........####..
#.##...........


You could see Azrael, a centaur warrior, a troll, a fire elemental, a hell
hound, a gargoyle and a centaur.

Vanquished Creatures
  A hydra (D:12)
  A centaur warrior (D:12)
  An orc knight (Bailey)
  A deep elf pyromancer (D:12)
  An ugly thing (D:11)
  2 manticores
  A cyclops (D:11)
  4 gargoyles
  2 unseen horrors
  A kobold demonologist (D:10)
  2 trolls (D:12)
  A hornet (D:8)
  Prince Ribbit (D:6)
  3 wraiths (D:12)
  3 shadows
  A fire elemental (D:12)
  7 yaks
  A basilisk (D:12)
  5 vampire mosquitoes
  A steam dragon (D:6)
  Eustachio (D:4)
  An acid dragon (D:12)
  2 water moccasins
  A hell hound (D:12)
  6 orc warriors
  Pargi (D:5)
  A sky beast (D:7)
  3 black bears (D:6)
  4 centaurs
  2 phantoms
  8 kobold brigands
  8 bullfrogs
  4 scorpions
  3 gnoll sergeants
  2 necrophages
  4 wights (D:6)
  14 killer bees
  4 howler monkeys
  8 hounds
  A gnoll bouda (D:7)
  3 orc priests
  3 iguanas (D:5)
  10 orc wizards
  Robin (D:3)
  20 gnolls
  5 adders
  2 river rats (D:3)
  2 white imps (D:5)
  5 worms
  4 dart slugs
  28 orcs
  10 bats
  11 endoplasms
  5 giant cockroaches
  16 goblins
  10 hobgoblins
  25 kobolds
  4 quokkas
  8 ball pythons
  4 frilled lizards
  10 rats
304 creatures vanquished.

Vanquished Creatures (others)
  1066 foxfires
1066 creatures vanquished.

Grand Total: 1370 creatures vanquished

Notes
Turn   | Place    | Note
-------+----------+-------------------------------------------
     0 | D:1      | Atlas the Octopode Fire Elementalist began the quest for
                  | the Orb.
     0 | D:1      | Reached XP level 1. HP: 11/11 MP: 3/3
    59 | D:1      | Found Wyrhoowi's Distillery.
   408 | D:1      | Reached XP level 2. HP: 17/17 MP: 0/5
   985 | D:1      | Reached XP level 3. HP: 21/21 MP: 6/6
  1356 | D:2      | Noticed a necrophage
  1505 | D:2      | Learned a level 2 spell: Scorch
  1525 | D:2      | Killed a necrophage
  1526 | D:2      | Reached XP level 4. HP: 27/27 MP: 0/7
  1735 | D:2      | Reached skill level 4 in Fire Magic
  2030 | D:3      | Reached XP level 5. HP: 23/31 MP: 6/9
  2068 | D:3      | Found a faded altar of an unknown god.
  2220 | D:3      | Noticed Robin
  2239 | D:3      | Killed Robin
  2317 | D:3      | Found a glowing drain.
  2479 | Sewer    | Entered a sewer
  2515 | Sewer    | Noticed a water moccasin
  2529 | Sewer    | Killed a water moccasin
  2530 | Sewer    | Reached skill level 1 in Long Blades
  2530 | Sewer    | Reached XP level 6. HP: 37/37 MP: 5/10
  2993 | D:4      | Reached skill level 1 in Fighting
  3433 | D:4      | You fall into a shaft and drop 1 floor!
  3433 | D:5      | Entered Level 5 of the Dungeon
  3498 | D:5      | Reached XP level 7. HP: 16/43 MP: 7/12
  3712 | D:4      | Noticed Pargi
  3724 | D:5      | Killed Pargi
  3727 | D:5      | Reached skill level 5 in Fire Magic
  4032 | D:4      | Noticed Eustachio
  4038 | D:4      | Killed Eustachio
  4284 | D:4      | Reached XP level 8. HP: 37/49 MP: 12/14
  5570 | D:6      | Reached skill level 5 in Spellcasting
  5642 | D:6      | Reached skill level 6 in Fire Magic
  5727 | D:6      | Reached skill level 5 in Stealth
  6011 | D:6      | Reached XP level 9. HP: 54/54 MP: 9/17
  6281 | D:6      | Reached skill level 7 in Fire Magic
  6335 | D:6      | Noticed Prince Ribbit
  6344 | D:6      | Killed Prince Ribbit
  6694 | D:7      | Found a flagged portal.
  6743 | Bailey   | Entered a bailey
  6829 | Bailey   | Reached skill level 5 in Conjurations
  6946 | Bailey   | Reached skill level 8 in Fire Magic
  7105 | Bailey   | Noticed an orc knight
  7118 | Bailey   | Killed an orc knight
  7119 | Bailey   | Reached XP level 10. HP: 37/61 MP: 0/21
  7411 | Bailey   | Found an iron altar of Okawaru.
  7593 | D:7      | Found a broken altar of Ashenzari.
  7663 | D:7      | Found a hide-covered altar of Uskayaw.
  7665 | D:7      | Found a shadowy altar of Dithmenos.
  7905 | D:7      | Found a staircase to the Ecumenical Temple.
  7912 | D:7      | Reached skill level 9 in Fire Magic
  7922 | Temple   | Entered the Ecumenical Temple
  7922 | Temple   | Found a transporter.
  7922 | Temple   | Found a transporter.
  7927 | Temple   | Found a transporter.
  7927 | Temple   | Found a transporter.
  7950 | Temple   | Became a worshipper of Gozag Ym Sagoz the Greedy
  8831 | D:8      | Got the Quarto of Evil Mysteries
 10720 | D:9      | Found a transporter.
 10721 | D:9      | Found a transporter.
 10749 | D:9      | Noticed a hell hog
 10758 | D:9      | Noticed Newt's ghost (novice DrAr)
 11082 | D:9      | Found a staircase to the Lair.
 11774 | D:9      | Reached XP level 11. HP: 66/66 MP: 18/23
 11843 | D:10     | Entered Level 10 of the Dungeon
 12126 | D:10     | Reached skill level 10 in Fire Magic
 13390 | D:11     | Identified the +5 halberd of Checkmate {venom, *Noise rElec
                  | rN+++ Dex+4}
 13456 | D:11     | Found a shimmering blue altar of Sif Muna.
 13563 | D:11     | Noticed a manticore
 13572 | D:11     | Killed a manticore
 13631 | D:11     | Noticed a white ugly thing
 13647 | D:11     | Killed a white ugly thing
 13747 | D:11     | Noticed a cyclops
 14060 | D:11     | Killed a cyclops
 14238 | D:12     | Noticed a manticore
 14247 | D:12     | Killed a manticore
 14417 | D:12     | Bought a scroll of identify for 26 gold pieces
 14417 | D:12     | Bought a scroll of teleportation for 39 gold pieces
 14417 | D:12     | Bought a scroll of blinking for 97 gold pieces
 14417 | D:12     | Bought a scroll of identify for 26 gold pieces
 14482 | D:12     | Noticed a deep elf pyromancer
 14486 | D:12     | Killed a deep elf pyromancer
 14861 | D:12     | Noticed a seven-headed hydra
 14868 | D:12     | Killed a seven-headed hydra
 14869 | D:12     | Reached skill level 11 in Fire Magic
 15008 | D:12     | Reached skill level 10 in Spellcasting
 15473 | D:12     | Reached skill level 1 in Polearms
 15571 | D:12     | Reached XP level 12. HP: 54/72 MP: 17/26
 15650 | D:12     | Found a staircase to the Orcish Mines.
 16570 | D:13     | Noticed Azrael
 16938 | D:13     | Noticed a centaur warrior
 17142 | D:13     | Noticed a four-headed hydra
 17431 | D:12     | Learned a level 4 spell: Summon Ice Beast
 18075 | D:13     | Noticed a centaur warrior
 18084 | D:12     | Killed a centaur warrior
 18434 | D:13     | Killed from afar by Azrael

Illustrated notes

Levels and vault maps discovered:
D:1:      heliophobic_arrival_glass_houses, layout_loops_ring, serial_shops,
          shop
D:2:      layout_rooms
D:3:      layout_rooms, dreamdust_ecumenical_altar_angels_and_demons,
          portal_sewer_entry_a, kennysheep_flooded_box, uniq_robin
D:4:      minmay_chambers_of_threes, layout_basic, corexii_leaking_fountain,
          uniq_eustachio, uniq_pargi
D:5:      layout_basic
D:6:      layout_rooms, nicolae_elevator_lobby_asterisk, uniq_prince_ribbit1
D:7:      layout_basic, nicolae_ashenzari_skybound, jmf_multi_god_temple,
          minmay_temple_entry_waves, enter_bailey_5, minmay_misc_feat_diagonals,
          grunt_ministairs_8
D:8:      layout_layer_cave
D:9:      layout_long_grid, lair_entry_dummy, gammafunk_ghost_abyssal_escape
D:10:     layout_loops_cross
D:11:     layout_cave_pods, nicolae_sif_muna_condensation
D:12:     layout_layer_cave, orc_0_dummy
D:13:     layout_cave_pools, erik_vaults_2, uniq_azrael
Temple:   hellmonk_temple_divided_pantheon

Skill      XL: |  1  2  3  4  5  6  7  8  9 10 11 12 |
---------------+-------------------------------------+-----
Stealth        | 3 4 5 |  5.9
Fire Magic     | 4 5 6 8 9 11 | 11.6
Conjurations   | 2 3 4 5 6 7 |  7.4
Long Blades    | 1 2 3 4 |  4.2
Spellcasting   | 3 4 5 7 8 10 | 10.8
Fighting       | 1 2 3 |  3.3
Dodging        | 3 4 |  4.4
Polearms       | 1 2 |  2.1
Unarmed Combat | |  0.4
Summonings     | |  0.2
Ice Magic      | |  0.2

Action                   |  1- 3 |  4- 6 |  7- 9 | 10-12 || total
-------------------------+-------+-------+-------+-------++-------
Melee: Unarmed           |    31 |    15 |       |       ||    46
       Constrict         |    10 |    17 |    15 |     6 ||    48
       Tentacles         |     9 |    12 |    14 |     9 ||    44
       Falchion          |       |    46 |    50 |    25 ||   121
       Punch             |       |       |     2 |     1 ||     3
       Halberd           |       |       |       |    35 ||    35
 Cast: Foxfire           |    50 |    66 |   167 |   350 ||   633
       Scorch            |     1 |     8 |    31 |   119 ||   159
       Summon Ice Beast  |       |       |       |     3 ||     3
Invok: Call Merchant     |       |       |       |     2 ||     2
Evoke: Wand              |       |       |       |     3 ||     3
  Use: Scroll            |       |     4 |     3 |     9 ||    16
       Potion            |       |       |     2 |     5 ||     7
 Stab: Sleeping          |     2 |     4 |     2 |     2 ||    10
Armor: Skin              |     6 |     5 |    30 |    14 ||    55
Dodge: Dodged            |    29 |    36 |    51 |   145 ||   261

Table legend: (Time is in decaauts)
 A = Elapsed time spent in this place.
 B = Non-inter-level travel time spent in this place.
 C = Inter-level travel time spent in this place.
 D = Time resting spent in this place.
 E = Time spent auto-exploring this place.
 F = Levels seen in this place.
 G = Mean time per level.
                   A        B        C        D        E       F      G
               +--------+--------+--------+--------+--------+-----+--------+
         Total |  18488 |  17687 |    801 |   2148 |  13060 |  16 | 1155.5 |
       Dungeon |  17612 |  16828 |    784 |   1928 |  12660 |  13 | 1354.8 |
        Temple |     46 |     29 |     17 |      0 |      8 |   1 |   46.0 |
         Sewer |    142 |    142 |      0 |      0 |     97 |   1 |  142.0 |
        Bailey |    687 |    687 |      0 |    220 |    295 |   1 |  687.0 |
               +--------+--------+--------+--------+--------+-----+--------+

Top non-repeatable levels by time:
    D:12: 4170 daAuts
     D:9: 1684 daAuts
     D:5: 1555 daAuts
     D:8: 1426 daAuts
    D:11: 1390 daAuts
     D:1: 1382 daAuts
     D:7: 1370 daAuts
     D:6: 1143 daAuts
     D:4: 1073 daAuts
    D:10: 981 daAuts
     D:3: 725 daAuts
  Bailey: 687 daAuts
     D:2: 638 daAuts
   Sewer: 142 daAuts
    D:13: 71 daAuts
